 Dungeon Crawl Stone Soup version 0.31-a0-188-g5e087ee2ca (webtiles) character file.

Game seed: 14521222235637788326

52 qw the Shooter (level 3, -2/20 HPs)
             Began as a Deep Elf Hunter on June 22, 2023.
             Slain by Terence
             ... wielding a +4 mace of protection
              (11 damage)
             ... on level 2 of the Dungeon.
             The game lasted 00:00:27 (1181 turns).

qw the Shooter (Deep Elf Hunter)                    Turns: 1181, Time: 00:00:28

Health: -2/20      AC:  3    Str: 10    XL:     3   Next: 60%
Magic:  5/5        EV: 12    Int: 13    God:
Gold:   88         SH:  0    Dex: 18    Spells: 2/2 levels left

rFire   . . .        Y - +0 shortbow
rCold   . . .        (shield currently unavailable)
rNeg    . . .        c - +0 leather armour
rPois   .            (no helmet)
rElec   .            (no cloak)
rCorr   .            (no gloves)
SInv    .            (no boots)
Will    .....        (no amulet)
Stlth   ++           (no ring)
HPRegen 0.23/turn    (no ring)
MPRegen 0.09/turn

%: no passive effects
@: no status effects
A: no striking features
a: no special abilities


You were on level 2 of the Dungeon.
You visited 1 branch of the dungeon, and saw 2 of its levels.

You collected 88 gold pieces.


   Skills:
 - Level 1.5 Fighting
 + Level 7.1 Ranged Weapons
 - Level 2.4 Dodging
 - Level 1.2 Stealth


You had 2 spell levels left.
You didn't know any spells.
Your spell library was empty.

Inventory:

Hand Weapons
 Y - a +0 shortbow (weapon)
Armour
 b - a +0 ring mail
 c - a +0 leather armour (worn)
Scrolls
 a - a scroll of enchant weapon {unknown}
 d - a scroll of revelation {unknown}
 e - a scroll of amnesia {unknown}
Potions
 f - a potion of curing {unknown}
 g - a potion of lignification {unknown}

Dungeon Overview and Level Annotations

Branches:
Dungeon (2/15)

Altars:

Annotations:
D:2 Terence


Message History

Found a faded altar of an unknown god.
There is an open door here.
You see here a jackal corpse.
You see here a giant cockroach corpse.
You see here a hobgoblin corpse.
You see here a hobgoblin corpse.
You open the door.
There is an open door here.
Terence is nearby!
Enter note:
Enter note:
Enter note:
Enter note:
Enter note:
Enter note: You shoot an arrow.
The arrow closely misses Terence.
Terence shouts!
You shoot an arrow.
The arrow hits Terence but does no damage.
You shoot an arrow.
The arrow hits Terence but does no damage.
You shoot an arrow.
The arrow hits Terence but does no damage.
You shoot an arrow.
The arrow hits Terence but does no damage.
You shoot an arrow.
The arrow hits Terence but does no damage.
Terence misses you.
You shoot an arrow. The arrow closely misses Terence.
Terence barely misses you.
You shoot an arrow.
The arrow hits Terence but does no damage.
Terence hits you with a +4 mace of protection!
You shoot an arrow.
The arrow hits Terence but does no damage.
Terence hits you with a +4 mace of protection.
You shoot an arrow. The arrow barely misses Terence.
Terence hits you with a +4 mace of protection!
Ouch! That really hurt!
You die...

..##......##..#..............#...
..#.........................)####
......####..#....................
.#.#######...................#...
.#.#.%......##...........>...####
##...###....##...............#8.#
......[.....<................#8.'
#...####..#.##.@.............#8.#
#....######..#.#@....#.<...#.####
#%....# ##.....#############
....#..# ##.##.. ##..##...#
#.####. ##..###.# # ## #### ...
##


You could see Terence.

Vanquished Creatures
  2 adders
  A dart slug (D:2)
  2 bats (D:2)
  5 endoplasms
  A giant cockroach (D:2)
  2 goblins (D:1)
  3 hobgoblins
  4 jackals (D:2)
  A quokka (D:1)
  3 ball pythons
  2 kobolds
  3 rats
29 creatures vanquished.

Notes
Turn   | Place    | Note
-------+----------+-------------------------------------------
     0 | D:1      | qw the Deep Elf Hunter began the quest for the Orb.
     0 | D:1      | Reached XP level 1. HP: 12/12 MP: 3/3
     0 | D:1      | 0 ||| qw: Version: 0.3-a-9-g12657ce
     0 | D:1      | 0 ||| qw: Game counter: 2762
     0 | D:1      | 0 ||| qw: Always use a shield: true
     0 | D:1      | 0 ||| qw: God list: Okawaru
     0 | D:1      | 0 ||| qw: Allow faded altars: false
     0 | D:1      | 0 ||| qw: Do Orc after D:15 true
     0 | D:1      | 0 ||| qw: Do second Lair branch before Depths: true
     0 | D:1      | 0 ||| qw: Lair rune preference: random
     0 | D:1      | 0 ||| qw: Plans: Normal
     0 | D:1      | 0 ||| PLANNING D:1-11
   145 | D:1      | Reached XP level 2. HP: 16/16 MP: 4/4
   147 | D:1      | Reached skill level 6 in Ranged Weapons
   767 | D:1      | 767 ||| READING scroll labelled ZAICIR XAIRUTZ.
   768 | D:1      | 768 ||| READING scroll labelled WURIXZ FIEGOGI.
   771 | D:1      | 771 ||| DROPPING scroll of butterflies.
   786 | D:2      | 786 ||| STAIRDANCE
   811 | D:2      | 811 ||| STAIRDANCE
   882 | D:2      | Noticed Terence
   893 | D:2      | HP: 3/16 [Terence/+4 mace of protection (5)]
   894 | D:2      | 894 ||| READING scroll of teleportation.
   899 | D:2      | 899 ||| FLEEEEING.
   900 | D:2      | 900 ||| FLEEEEING.
   901 | D:2      | 901 ||| FLEEEEING.
   902 | D:2      | 902 ||| FLEEEEING.
   903 | D:2      | 903 ||| FLEEEEING.
   907 | D:2      | 907 ||| FLEEEEING.
   908 | D:2      | 908 ||| FLEEEEING.
   909 | D:2      | 909 ||| FLEEEEING.
   910 | D:2      | 910 ||| FLEEEEING.
   912 | D:2      | 912 ||| FLEEEEING.
   914 | D:2      | 914 ||| STAIRDANCE
   952 | D:2      | Reached XP level 3. HP: 20/20 MP: 5/5
  1049 | D:2      | Reached skill level 7 in Ranged Weapons
  1125 | D:2      | Found a faded altar of an unknown god.
  1181 | D:2      | Slain by Terence

Levels and vault maps discovered:
D:1:      lightli_arrival_noodles, layout_loops_corners, hex_large
D:2:      layout_rooms, shapermc_ecumenical_altar_mp_vishouse,
          kennysheep_generic_room_8, uniq_terence

Skill      XL: |  1  2  3 |
---------------+----------+-----
Ranged Weapons | 6 7 |  7.1
Fighting       | |  1.5
Dodging        | |  2.4
Stealth        | |  1.2

Action                     || total
---------------------------++-------
   Fire: Shortbow          ||    95
    Use: Scroll            ||     3
 Armour: Leather armour    ||    14
  Dodge: Dodged            ||    39

Table legend:
 A = Non-vault XP
 B = Vault XP
 C = Vault XP percentage of total XP
 D = Non-vault monster count
 E = Vault monster count
 F = Vault count percentage of total count
                 A         B        C        D         E       F
            +---------+---------+-------+---------+---------+-------
      Total |      73 |       2 |   2.7 |      28 |       1 |   3.4
            +---------+---------+-------+---------+---------+-------
        D:1 |      31 |       0 |   0.0 |      12 |       0 |   0.0
        D:2 |      42 |       2 |   4.5 |      16 |       1 |   5.9
            +---------+---------+-------+---------+---------+-------
